 Dungeon Crawl Stone Soup version 0.17.1-3-g152610e (webtiles) character file.

14340 lorenzova the Covert (level 11, -6/47 HPs)
             Began as a Spriggan Enchanter on Mar 10, 2016.
             Was a Believer of Dithmenos.
             Killed by Ozocubu's Refrigeration
             ... invoked by Fannar
              (27 damage)
             ... on level 11 of the Dungeon.
             The game lasted 00:33:34 (12836 turns).

lorenzova the Covert (Spriggan Enchanter)          Turns: 12836, Time: 00:33:34

Health: -6/47      AC:  3    Str:  8    XL:     11   Next: 87%
Magic:  25/25      EV: 28    Int: 17    God:    Dithmenos [**....]
Gold:   433        SH:  0    Dex: 19    Spells: 4 memorised, 18 levels left

rFire  . . .     SeeInvis +     w - +5 dagger (drain)
rCold  . . .     Clarity  .     B - +1 robe "Kuisiacw" {-Tele rElec rPois}
rNeg   . . .     SustAt   +     (shield restricted)
rPois  +         Gourm    .     (helmet restricted)
rElec  +         Spirit   .     (no cloak)
rCorr  .         Warding  .     (gloves unavailable)
rMut   .         NoTele   +     (boots unavailable)
MR     +....                    (no amulet)
Stlth  +++++++++.               r - ring of sustain attributes
                                l - +3 ring of strength

@: wreathed by umbra, very quick, somewhat resistant to hostile enchantments,
incredibly stealthy
A: unfitting armour, see invisible, herbivore 3, speed 3, slow metabolism 2
a: Shadow Step, Renounce Religion


You were on level 11 of the Dungeon.
You worshipped Dithmenos.
Dithmenos was pleased with you.
You were not hungry.

You visited 2 branches of the dungeon, and saw 12 of its levels.
You also visited: Sewer and Ice Cave.

You collected 636 gold pieces.
You spent 203 gold pieces at shops.

Inventory:

Hand Weapons
 f - a +1 dagger of venom
 w - a +5 dagger of draining (weapon)
 H - a +0 dagger of protection
 M - a +1 dagger of holy wrath
 P - a +0 dagger of speed
Armour
 b - a +2 robe
 o - a +2 robe
 B - the +1 robe "Kuisiacw" (worn) {-Tele rElec rPois}
   (You found it on level 4 of the Dungeon)

   It insulates you from electricity.
   It protects you from poison.
   It prevents most forms of teleportation.
Jewellery
 l - a +3 ring of strength (left hand)
 r - a ring of sustain attributes (right hand)
Wands
 y - a wand of digging (8)
 F - a wand of magic darts (32)
 G - a wand of flame (41)
 W - a wand of random effects (8)
Scrolls
 a - a scroll of immolation
 e - 3 scrolls of teleportation
 m - 3 scrolls of enchant armour
 q - 3 scrolls of enchant weapon
 v - 6 scrolls of remove curse
 E - 4 scrolls of blinking
 L - 2 scrolls of fear
 U - a scroll of recharging {unknown}
Potions
 g - 3 potions of curing
 i - a potion of beneficial mutation
 k - 2 potions of might
 n - 2 potions of heal wounds
 p - a potion of poison
 s - a potion of lignification
 t - 3 potions of degeneration
 u - 3 potions of brilliance
 x - 2 potions of cure mutation {unknown}
 z - 2 potions of haste {unknown}
 A - 3 potions of agility
 D - a potion of ambrosia
 I - a potion of berserk rage {unknown}
 K - 4 potions of flight {unknown}
 N - a potion of mutation {unknown}
 R - 2 potions of cancellation {unknown}
 S - 2 potions of magic {unknown}
Books
 c - a book of Maledictions

   Spells                             Type                      Level
   a - Corona                         Hexes                        1
   b - Ensorcelled Hibernation        Hexes/Ice                    2
   c - Confuse                        Hexes                        3
   d - Tukima's Dance                 Hexes                        3
   e - Dazzling Spray                 Conjuration/Hexes            3
 Q - a Young Poisoner's Handbook

   Spells                             Type                      Level
   a - Sting                          Conjuration/Poison           1
   b - Cure Poison                    Poison                       2
   c - Mephitic Cloud                 Conjuration/Poison/Air       3
   d - Olgreb's Toxic Radiance        Poison                       4
   e - Venom Bolt                     Conjuration/Poison           5
 T - a book of the Earth

   Spells                             Type                      Level
   a - Leda's Liquefaction            Hexes/Earth                  4
   b - Bolt of Magma                  Conjuration/Fire/Earth       5
   c - Statue Form                    Transmutation/Earth          6
   d - Iron Shot                      Conjuration/Earth            6
   e - Shatter                        Earth                        9
 V - a book of Battle

   Spells                             Type                      Level
   a - Infusion                       Charms                       1
   b - Shroud of Golubria             Charms/Translocation         2
   c - Song of Slaying                Charms                       2
   d - Spectral Weapon                Hexes/Charms                 3
   e - Regeneration                   Charms/Necromancy            3
Comestibles
 d - 15 bread rations
 h - a slice of pizza


   Skills:
 * Level 2.3 Short Blades
 * Level 11.0 Dodging
 + Level 14.0 Stealth
 - Level 9.9 Spellcasting
 - Level 4.1 Conjurations
 - Level 10.3 Hexes
 - Level 4.8 Air Magic
 - Level 6.4 Poison Magic


You had 18 spell levels left.
You knew the following spells:

 Your Spells              Type           Power        Failure   Level  Hunger
a - Regeneration          Chrm/Necr      #.........   30%         3    None
b - Ensorcelled Hibernat  Hex/Ice        ####..       1%          2    None
c - Confuse               Hex            #####...     1%          3    None
d - Mephitic Cloud        Conj/Pois/Air  ####....     3%          3    None


Dungeon Overview and Level Annotations

Branches:
Dungeon (11/15)            Temple (1/1) D:7            Lair (0/8) D:10
    Orc (0/4) D:9

Altars:
Ashenzari
Cheibriados
Dithmenos
Elyvilon
Fedhas
Gozag
Kikubaaqudgha
Makhleb
Qazlal
Ru
Sif Muna
Trog
Vehumet
Xom
Yredelemnul
Zin
Jiyva

Shops:
D:6 =?   D:7 (   D:10 =   D:11 (

Annotations:
D:11 Fannar


Innate Abilities, Weirdness & Mutations

You are tiny and cannot use many weapons and most armour.
You have supernaturally acute eyesight.
You are a herbivore.
You cover ground extremely quickly.
You need consume almost no food.


Message History

You hit the frost giant.
The frost giant is lightly wounded.
You puncture the frost giant! You drain the frost giant!
The frost giant is lightly wounded.
The frost giant hits you with a battleaxe of freezing!!
Ouch! That really hurt!
The frost giant freezes you.
The frost giant is engulfed in noxious fumes.
There is an ice choked empty arch of ancient stone, spattered with blood here.
There is an ice covered gate leading back out of this place here.
Welcome back to the Dungeon!
Level annotation: Fannar
There is a collapsed entrance here.
A jelly comes into view.
Fannar shouts!
Fannar casts a spell.
Fannar drains the heat from the surrounding environment!
You feel very cold.
Ouch! That really hurt!
You die...

###### #....##
#####...(.#
#.......#.###
#Y##.e(.....#*#
#.##..#...#.#J#
#######(#...........#
.KKK...(...##.#.@##.#
......K............>#
c.......#..########.#
######..#o.### *,#
####.........# *,*
.....#.##....# *,*
####.#.#*....# *,*
#.#.#*....* *,*
#.#.#*.###### *,*


You could see Fannar and a jelly (sleeping).

Vanquished Creatures
  Erolcha (D:8)
  Erica (D:8)
  Pikel (D:5)
  A manticore (D:10)
  Maurice (D:8)
  14 polar bears (IceCv)
  A troll (D:10)
  A trapdoor spider zombie (D:10)
  2 slime creatures (D:11)
  A two-headed ogre (D:9)
  Duvessa (D:5)
  A deep elf fighter (D:10)
  12 yaks
  A spriggan (D:8)
  Grum (D:8)
  A hungry ghost (D:8)
  12 wolves
  A mottled dragon (D:8)
  A hippogriff (D:11)
  A warg (D:9)
  An ice beast (D:5)
  An eye of draining (D:10)
  An orc warrior (D:9)
  A slave (D:5)
  3 black bears
  4 ogres
  4 phantoms
  4 sky beasts
  2 centaurs (D:8)
  A crocodile (Sewer)
  A gnoll sergeant (D:9)
  6 giant frogs
  A big kobold (D:10)
  3 killer bees (D:10)
  4 scorpions
  9 wights
  5 crimson imps
  3 hounds
  A giant frog skeleton (D:9)
  2 iguanas
  4 orc priests
  6 orc wizards
  9 worker ants
  A killer bee zombie (D:8)
  A hound skeleton (D:9)
  A hound zombie (D:6)
  A worker ant zombie (D:9)
  12 adders
  6 gnolls (D:9)
  A shadow imp (D:7)
  An ooze (D:2)
  A worm (D:2)
  2 adder skeletons (D:4)
  7 giant geckos
  23 orcs
  3 ball pythons
  19 bats
  6 giant cockroaches
  8 goblins
  6 hobgoblins
  2 quokkas
  4 giant newts
  2 jackals (D:3)
  11 kobolds
  10 rats
260 creatures vanquished.

Vanquished Creatures (others)
  A slave (D:5)
  Dowan (D:5)
  A jelly (D:5)
  5 sheep (D:7)
  3 fungi (D:10)
11 creatures vanquished.

Grand Total: 271 creatures vanquished

Notes
Turn   | Place    | Note
--------------------------------------------------------------
     0 | D:1      | lorenzova the Spriggan Enchanter began the quest for the Orb.
     0 | D:1      | Reached XP level 1. HP: 9/9 MP: 5/5
   108 | D:1      | Reached XP level 2. HP: 11/13 MP: 6/6
   112 | D:1      | Learned a level 2 spell: Ensorcelled Hibernation
   838 | D:2      | Reached XP level 3. HP: 8/16 MP: 8/8
  1138 | D:2      | Reached skill level 5 in Stealth
  1652 | D:2      | Reached XP level 4. HP: 18/21 MP: 10/10
  1723 | D:2      | Learned a level 3 spell: Confuse
  1741 | D:3      | Reached skill level 5 in Hexes
  1992 | D:3      | Found a radiant altar of Vehumet.
  1993 | D:3      | Found a stormy altar of Qazlal.
  1996 | D:3      | Found a shimmering altar of Xom.
  1999 | D:3      | Found a shattered altar of Ashenzari.
  2058 | D:3      | HP: 1/21 [orc (2)]
  2468 | D:3      | Reached XP level 5. HP: 24/24 MP: 12/12
  2696 | D:4      | Reached skill level 6 in Stealth
  2886 | D:3      | Noticed a phantom
  3118 | D:3      | Killed a phantom
  3118 | D:3      | Reached skill level 5 in Spellcasting
  3118 | D:3      | Reached XP level 6. HP: 21/28 MP: 10/14
  3342 | D:4      | Found an opulent altar of Gozag.
  3399 | D:4      | Got a fine robe
  3418 | D:4      | Identified the cursed +1 robe "Kuisiacw" {-Tele rElec rPois} (You found it on level 4 of the Dungeon)
  3609 | D:4      | Reached skill level 7 in Stealth
  3815 | D:5      | Entered Level 5 of the Dungeon
  3843 | D:5      | Found a white marble altar of Elyvilon.
  3852 | D:5      | Noticed Pikel
  3868 | D:5      | Killed Pikel
  3868 | D:5      | Reached skill level 8 in Stealth
  3868 | D:5      | Reached XP level 7. HP: 32/32 MP: 9/18
  4035 | D:5      | Reached XP level 8. HP: 36/36 MP: 20/20
  4096 | D:5      | Killed Dowan
  4145 | D:5      | Noticed Duvessa
  4185 | D:5      | Killed Duvessa
  4248 | D:5      | Found an ancient bone altar of Kikubaaqudgha.
  4872 | D:6      | Found a glowing drain.
  4892 | Sewer    | Entered a sewer
  4931 | Sewer    | Reached skill level 9 in Stealth
  5373 | D:6      | Found Ubrualois's Magic Scroll Shop.
  5387 | D:6      | Bought a scroll of teleportation for 42 gold pieces
  5387 | D:6      | Bought a scroll of blinking for 105 gold pieces
  5629 | D:6      | Found Oviubb's Jewellery Shop.
  6045 | D:7      | Reached XP level 9. HP: 39/39 MP: 23/23
  6231 | D:7      | Reached skill level 10 in Stealth
  6231 | D:7      | Reached skill level 10 in Hexes
  6406 | D:7      | Found Wuorch's Antique Weapon Boutique.
  6414 | D:7      | Bought a glowing dagger for 56 gold pieces
  6539 | D:7      | Found a shimmering altar of Xom.
  6778 | D:7      | Found a staircase to the Ecumenical Temple.
  6787 | Temple   | Entered the Ecumenical Temple
  6802 | Temple   | Became a worshipper of Dithmenos the Shadowed
  7194 | D:8      | Learned a level 3 spell: Mephitic Cloud
  7246 | D:8      | Reached skill level 1 in Poison Magic
  7347 | D:8      | Noticed Erolcha
  7379 | D:8      | Reached skill level 5 in Dodging
  7405 | D:8      | Killed Erolcha
  7405 | D:8      | Reached skill level 11 in Stealth
  7531 | D:8      | Reached XP level 10. HP: 44/44 MP: 24/24
  7578 | D:8      | Noticed Maurice
  7583 | D:8      | Killed Maurice
  7613 | D:8      | Noticed Erica
  7625 | D:8      | Killed Erica
  7903 | D:8      | Found a blossoming altar of Fedhas.
  8242 | D:8      | Noticed Grum
  8248 | D:8      | Killed Grum
  8259 | D:8      | Reached skill level 12 in Stealth
  8270 | D:8      | Reached * piety under Dithmenos
  8419 | D:8      | Found a sacrificial altar of Ru.
  8805 | D:9      | Reached skill level 10 in Dodging
  8932 | D:9      | Found a burning altar of Makhleb.
  9118 | D:9      | Found a staircase to the Orcish Mines.
  9310 | D:9      | Reached skill level 5 in Poison Magic
  9726 | D:10     | Entered Level 10 of the Dungeon
  9784 | D:10     | Found Dobai's Jewellery Emporium.
  9886 | D:10     | Reached skill level 1 in Conjurations
  9886 | D:10     | Reached skill level 1 in Air Magic
 10025 | D:10     | Noticed a manticore
 10032 | D:10     | Killed a manticore
 10058 | D:10     | Found a stormy altar of Qazlal.
 10105 | D:10     | Reached XP level 11. HP: 47/47 MP: 17/25
 10234 | D:10     | Reached ** piety under Dithmenos
 10448 | D:10     | Found a staircase to the Lair.
 10566 | D:10     | Reached skill level 13 in Stealth
 10747 | D:11     | Found Xopekuime's Weapon Boutique.
 11017 | D:11     | Noticed Fannar
 11071 | D:11     | Found a frozen archway.
 11079 | IceCv    | Entered an ice cave
 11118 | IceCv    | HP: 2/47 [polar bear (4)]
 12083 | IceCv    | Noticed a frost giant
 12208 | IceCv    | Reached skill level 14 in Stealth
 12295 | IceCv    | HP: 1/47 [frost giant/bolt of cold (26)]
 12742 | IceCv    | Learned a level 3 spell: Regeneration
 12836 | D:11     | Killed from afar by Fannar

Action                   |  1- 3 |  4- 6 |  7- 9 | 10-12 || total
-------------------------+-------+-------+-------+-------++-------
Melee: Dagger            |    94 |   108 |   159 |   407 ||   768
 Cast: Confuse           |       |    11 |    20 |    40 ||    71
       Ensorcelled Hiber |       |    11 |    18 |    38 ||    67
       Mephitic Cloud    |       |       |       |     4 ||     4
  Use: Scroll            |       |     5 |     6 |     9 ||    20
       Potion            |       |       |       |     2 ||     2
 Stab: Sleeping          |    15 |    12 |    27 |    50 ||   104
       Confused          |       |     4 |    14 |    32 ||    50
  Eat: Fruit             |       |     3 |       |     6 ||     9
       Pizza             |       |     1 |       |       ||     1
